 Dungeon Crawl Stone Soup version 0.30-a0-728-gc68057be0a (webtiles) character file.

Game seed: 1790364242074992858

14457 kae the Geomancer (level 12, 0/68 HPs)
             Began as a Gargoyle Earth Elementalist on Jan 31, 2023.
             Was a High Priest of Vehumet.
             Killed from afar by a rime drake (17 damage)
             ... with an icy flash freeze
             ... on level 1 of the Lair of Beasts.
             The game lasted 00:11:48 (11984 turns).

kae the Geomancer (Gargoyle Earth Elementalist)    Turns: 11984, Time: 00:11:48

Health: 0/68       AC: 11    Str: 12    XL:     12   Next: 16%
Magic:  0/33       EV: 13    Int: 21    God:    Vehumet [*****.]
Gold:   943        SH:  5    Dex: 10    Spells: 13/28 levels left

rFire   + . .      SeeInvis .    w - +5 dagger of the Tired Portals {heavy, rF+ rC+}
rCold   + . .      Faith    .    (no shield)
rNeg    + + .      Spirit   .    a - +1 robe
rPois   ∞          Reflect  +    y - +0 hat
rElec   +          Harm     .    (no cloak)
rCorr   .          Rampage  .    (no gloves)
Will    .....                    (no boots)
Stlth   ++                       k - amulet of reflection
HPRegen 0.31/turn                N - ring of positive energy
MPRegen 0.23/turn                W - ring of magical power

@: no status effects
A: sickness immunity, AC +8, negative energy resistance 1, electricity
resistance, torment resistance 1, petrification resistance
a: Renounce Religion


You were on level 1 of the Lair of Beasts.
You worshipped Vehumet.
Vehumet was extremely pleased with you.
You visited 2 branches of the dungeon, and saw 12 of its levels.

You collected 943 gold pieces.


Innate Abilities, Weirdness & Mutations

You are immune to sickness and miasma.
Your stone body is resilient. (AC +8)
You are immune to poison.
You resist negative energy. (rN+)
You are resistant to electric shocks. (rElec)
You are resistant to unholy torment.
You are immune to petrification.


   Skills:
 + Level 5.2 Fighting
 + Level 4.3 Dodging
 - Level 2.1 Stealth
 * Level 8.9 Spellcasting
 * Level 11.7 Conjurations
 - Level 0.7 Transmutations
 * Level 13.8 Earth Magic


You had 13 spell levels left.
You knew the following spells:

 Your Spells              Type           Power      Damage    Failure   Level
a - Sandblast             Erth           100%       2d20      1%          1
b - Stone Arrow           Conj/Erth      100%       3d13      1%          3
c - Passwall              Tmut/Erth      32%        N/A       1%          2
d - Petrify               Tmut/Erth      39%        N/A       3%          4
e - Fireball              Conj/Fire      16%        3d8       5%          5

Your spell library contained the following spells:

 Spells                   Type           Power      Damage    Failure   Level
 Hailstorm                Conj/Ice       33%        3d8       1%          3
 Freeze                   Ice            36%        1d5       2%          1
 Frozen Ramparts          Ice            18%        1d3       6%          3

Inventory:

Hand Weapons
 c - a +0 dagger of speed
   (You took it off a kobold on level 1 of the Dungeon)
 w - the +5 dagger of the Tired Portals (weapon) {heavy, rF+ rC+}
   (You found it on level 5 of the Dungeon)

   rF:        It protects you from fire.
   rC:        It protects you from cold.
Missiles
 b - 2 boomerangs of dispersal {=f!f}
 e - 35 poisoned darts
 f - 116 stones
 u - 4 throwing nets {=f!f}
 x - 6 curare-tipped darts {=f}
 A - 6 boomerangs
 S - 2 javelins
Armour
 a - a +1 robe (worn)
 y - a +0 hat (worn)
   (You found it on level 5 of the Dungeon)
Magical Staves
 K - a staff of earth {!a}
   (You found it on level 7 of the Dungeon)
Jewellery
 k - an amulet of reflection (around neck)
   (You found it on level 3 of the Dungeon)
 n - a ring of positive energy
   (You found it on level 6 of the Dungeon)
 C - a ring of protection from cold
   (You took it off an orc wizard on level 8 of the Dungeon)
 N - a ring of positive energy (left hand)
   (You found it on level 1 of the Dungeon)
 W - a ring of magical power (right hand)
   (You found it on level 6 of the Dungeon)
Wands
 l - a wand of mindburst (12)
   (You took it off a kobold on level 6 of the Dungeon)
 o - a wand of flame (17)
   (You found it on level 3 of the Dungeon)
 D - a wand of charming (15)
   (You took it off Maggie on level 6 of the Dungeon)
 I - a wand of quicksilver (11)
   (You found it on level 7 of the Dungeon)
 L - a wand of polymorph (3)
   (You found it on level 9 of the Dungeon)
Scrolls
 m - 3 scrolls of enchant armour
 p - 3 scrolls of poison
 t - 4 scrolls of teleportation {@r4}
 H - 2 scrolls of fog
 M - a scroll of fear
 P - 4 scrolls of identify {@r1}
Potions
 d - 3 potions of cancellation
 g - 3 potions of invisibility
 h - a potion of might
 i - 2 potions of ambrosia
 j - 2 potions of attraction {!q}
 q - a potion of mutation {!q}
 s - a potion of heal wounds {@q2}
 v - a potion of haste {@q3}
 z - 2 potions of brilliance
 B - a potion of berserk rage {!q}
 E - 6 potions of curing {@q1}
 F - a potion of resistance
 G - a potion of flight
 R - a potion of lignification {!q}
Miscellaneous
 J - a piece from Xom's chessboard (15/15)
   (You found it on level 9 of the Dungeon)
 Q - a condenser vane
   (You found it on level 1 of the Lair of Beasts)

Dungeon Overview and Level Annotations

Branches:
Dungeon (10/15) Zot: 25554  Temple (0/1) D:5            Lair (2/5) D:9 Zot: 10694
  Swamp: Lair:2-3    Shoals: Lair:2-3     Snake: Lair:2-3    Spider: Lair:2-3
    Orc: D:9-12

Altars:
Ashenzari
Cheibriados
Dithmenos
Elyvilon
Fedhas
Gozag
Hepliaklqana
Nemelex Xobeh
Sif Muna
Trog
Uskayaw
Vehumet
Yredelemnul
Zin
The Shining One

Shops:
D:2 [[!   D:4 : D:10

( ##........................
#................<........
#####........................
##.#.#.#.#.#.#.#.#............
#.............................
##.#.#.#.#.#.#.#.#............
##.......................#P####
#.#.#.#.#.#.#.#k#.#......### #
##............@..........# #
##.#.#.#.#.#.#.#.#......# #
#####..................######
#........................
#........................
#..#####................. #..#
##................
#######..######................
##..............................


You could see a rime drake (catching breath).


Message History

You climb upwards.
There is a stone staircase leading down here.
Unknown command. 😮 HP[-1] MP[+1]
You take 1 damage, and now have 46/68 hp.
Unknown command.
Casting: Stone Arrow (safe; 1% risk of failure)
Confirm with . or Enter, or press ? or * to list all spells.
Aiming: Stone Arrow (safe; 1% risk of failure)
Press: ? - help, Shift-Dir - straight line, f - water moccasin
Aim: a water moccasin (63% to hit)
The stone arrow misses the water moccasin.
The ice encasing you melts away. The water moccasin bites you.
The rime drake bites you.
The water moccasin bites you but does no damage. 😮 HP[-6] MP[-3]
You take 6 damage, and now have 40/68 hp.
You lost 3 mp, and now have 6/33 mp.
Casting: Stone Arrow (safe; 1% risk of failure)
Confirm with . or Enter, or press ? or * to list all spells.
Aiming: Stone Arrow (safe; 1% risk of failure)
Press: ? - help, Shift-Dir - straight line, f/p - water moccasin
Aim: a water moccasin (63% to hit)
The stone arrow hits the water moccasin!
The rime drake breathes ice at you. The icy flash freeze hits you!
You partially resist.
* * * LOW HITPOINT WARNING * * *
You are encased in ice.
The water moccasin bites you but does no damage. 😨 HP[-12] MP[-3]
You take 12 damage, and now have 28/68 hp.
You lost 3 mp, and now have 3/33 mp.
The rime drake attacks as you move away!
The rime drake bites you but does no damage.
The water moccasin bites you.
* * * LOW HITPOINT WARNING * * *
😨 HP[-1]
You take 1 damage, and now have 27/68 hp.
Casting: Stone Arrow (safe; 1% risk of failure)
Confirm with . or Enter, or press ? or * to list all spells.
Aiming: Sandblast (safe; 1% risk of failure)
Press: ? - help, Shift-Dir - straight line, f/p - water moccasin
Aim: a water moccasin (heavily wounded, 76% to hit)
The blast of sand hits the water moccasin!!
You kill the water moccasin!
Vehumet accepts your kill. The ice encasing you melts away.
The rime drake closely misses you. 😨 HP[+1]
Casting: Sandblast (safe; 1% risk of failure)
Confirm with . or Enter, or press ? or * to list all spells.
Aiming: Sandblast (safe; 1% risk of failure)
Press: ? - help, Shift-Dir - straight line, f - rime drake
Aim: a rime drake (82% to hit)
The blast of sand hits the rime drake.
The rime drake closely misses you.
The rime drake bites you but does no damage. 😨 MP[-1]
You lost 1 mp, and now have 2/33 mp.
Casting: Sandblast (safe; 1% risk of failure)
Confirm with . or Enter, or press ? or * to list all spells.
Aiming: Sandblast (safe; 1% risk of failure)
Press: ? - help, Shift-Dir - straight line, f/p - rime drake
Aim: a rime drake (lightly wounded, 82% to hit)
The blast of sand hits the rime drake!
The rime drake breathes ice at you. The icy flash freeze hits you!
You partially resist.
* * * LOW HITPOINT WARNING * * *
You are encased in ice. 😱 HP[-12] MP[-1]
You take 12 damage, and now have 16/68 hp.
You lost 1 mp, and now have 1/33 mp.
Casting: Sandblast (safe; 1% risk of failure)
Confirm with . or Enter, or press ? or * to list all spells.
Aiming: Sandblast (safe; 1% risk of failure)
Press: ? - help, Shift-Dir - straight line, f/p - rime drake
Aim: a rime drake (heavily wounded, catching its breath, 82% to hit)
The blast of sand hits the rime drake!
The rime drake bites you but does no damage. x2
Casting: Sandblast (safe; 1% risk of failure)
Confirm with . or Enter, or press ? or * to list all spells.
Aiming: Sandblast (safe; 1% risk of failure)
Press: ? - help, Shift-Dir - straight line, f/p - rime drake
Aim: a rime drake (almost dead, 82% to hit)
The blast of sand misses the rime drake.
The ice encasing you melts away. The rime drake breathes ice at you.
The icy flash freeze misses you.
You block the rime drake's attack. 😱 HP[+1] MP[-1]
You lost 1 mp, and now have 0/33 mp.
Casting: Sandblast (safe; 1% risk of failure)
Confirm with . or Enter, or press ? or * to list all spells.
You don't have enough magic to cast this spell.
Casting: Sandblast (safe; 1% risk of failure)
Confirm with . or Enter, or press ? or * to list all spells.
You don't have enough magic to cast this spell.
You closely miss the rime drake.
The rime drake bites you but does no damage.
The rime drake breathes ice at you. The icy flash freeze hits you!
You partially resist.
You die...

Skill      XL: |  1  2  3  4  5  6  7  8  9 10 11 |
---------------+----------------------------------+-----
Earth Magic    | 4 5 6 7 8 9 11 12 13 | 13.8
Spellcasting   | 3 4 5 6 7 8 |  8.9
Conjurations   | 1 2 3 5 6 9 10 11 | 11.7
Fighting       | 1 3 5 |  5.2
Dodging        | 3 4 |  4.3
Stealth        | |  2.1
Transmutations | |  0.7

Action                     |  1- 3 |  4- 6 |  7- 9 | 10-12 || total
---------------------------+-------+-------+-------+-------++-------
  Melee: Dagger            |    11 |     1 |     4 |     4 ||    20
         Punch             |     1 |       |       |       ||     1
   Cast: Sandblast         |    48 |    81 |   170 |    33 ||   332
         Stone Arrow       |       |       |    19 |   223 ||   242
         Fireball          |       |       |       |     5 ||     5
    Use: Scroll            |     2 |     6 |    13 |     6 ||    27
         Potion            |       |       |     1 |     4 ||     5
 Armour: Robe              |    13 |    15 |    29 |    42 ||    99
  Dodge: Dodged            |    11 |    14 |    40 |    69 ||   134
  Block: Other             |       |     1 |    25 |    25 ||    51
         Reflection        |       |       |     7 |     2 ||     9

Levels and vault maps discovered:
D:1:      lightli_arrival_statuegarden, layout_loops_ring,
          minmay_misc_feat_square
D:2:      minmay_wonky_spiral, layout_loops_ring, serial_shops,
          nicolae_diamond_shop, nicolae_shop_crystal, shop,
          kennysheep_generic_room_15, uniq_natasha
D:3:      layout_loops_ring, lemuel_tele_altar,
          chequers_temple_overflow_statue_of_worship,
          nicolae_ashenzari_skybound, nicolae_half_adder
D:4:      layout_loops_corners, lemuel_doored_altar, kennysheep_mini,
          serial_shops, shop, uniq_duvessa, uniq_blork_the_orc
D:5:      layout_basic, general_overflow_altar,
          mainiacjoe_overflow_small_starburst, minmay_temple_entry_poolview
D:6:      layout_loops_ring, grunt_ministairs_12, uniq_maggie,
          uniq_prince_ribbit1
D:7:      layout_rooms, mainiacjoe_overflow_chevrons, minmay_bent
D:8:      layout_rooms, dreamdust_divine_triumvirate,
          mainiacjoe_overflow_large_starburst
D:9:      layout_rooms, erik_lair_island, st_stairs_7
D:10:     layout_roguey, gammafunk_ghost_grave, serial_shops, shop,
          minmay_misc_feat_rows, dreamdust_princess_corridor, uniq_psyche,
          uniq_lodul, uniq_grum
Lair:1:   layout_long_grid, serial_rivers, chequers_serial_rivers_micro_c,
          chequers_serial_rivers_micro_d, chequers_serial_rivers_room_a,
          chequers_serial_rivers_micro_a, st_stairs_12, roderic_batcave,
          uniq_harold
Lair:2:   layout_cave_shapes, minmay_shoals_entry_centaurs,
          nicolae_quartered_pool_little, cheibrodos_lair_reptile_den

Notes
Turn   | Place    | Note
-------+----------+-------------------------------------------
     0 | D:1      | kae the Gargoyle Earth Elementalist began the quest for the
                  | Orb.
     0 | D:1      | Reached XP level 1. HP: 10/10 MP: 3/3
     0 | D:1      | magus.rc [v1.11.3]
    55 | D:1      | Reached skill level 4 in Earth Magic
    66 | D:1      | Reached XP level 2. HP: 15/15 MP: 1/5
   736 | D:2      | Reached XP level 3. HP: 19/19 MP: 2/6
  1052 | D:2      | Found Koimm's Distillery.
  1135 | D:2      | Reached skill level 5 in Earth Magic
  1168 | D:2      | Reached XP level 4. HP: 20/24 MP: 4/8
  1186 | D:2      | Learned a level 2 spell: Passwall
  1190 | D:2      | Learned a level 3 spell: Stone Arrow
  1272 | D:2      | Noticed Natasha
  1279 | D:2      | Killed Natasha
  1341 | D:2      | Found Hiennach's Antique Armour Boutique.
  1398 | D:2      | Found Liulupy's Armour Shoppe.
  1445 | D:2      | Noticed Natasha
  1448 | D:2      | Killed Natasha
  1449 | D:2      | Reached skill level 3 in Spellcasting
  1449 | D:2      | Reached skill level 1 in Conjurations
  1449 | D:2      | Reached XP level 5. HP: 24/28 MP: 6/9
  1501 | D:2      | Reached skill level 2 in Conjurations
  1501 | D:2      | Reached skill level 6 in Earth Magic
  1847 | D:2      | Learned a level 4 spell: Petrify
  2036 | D:3      | Reached XP level 6. HP: 32/32 MP: 6/10
  2214 | D:3      | Found a radiant altar of Vehumet.
  2281 | D:3      | Became a worshipper of Vehumet
  2285 | D:3      | You pick up a book of Frost and begin reading...
  2285 | D:3      | You add the spells Freeze, Frozen Ramparts and Hailstorm to
                  | your library.
  2353 | D:3      | Found a broken altar of Ashenzari.
  2395 | D:3      | Found a sparkling altar of Nemelex Xobeh.
  2396 | D:3      | Found a bloodstained altar of Trog.
  2396 | D:3      | Found a shadowy altar of Dithmenos.
  2461 | D:3      | You pick up a book of Geomancy and begin reading...
  2915 | D:4      | Reached skill level 3 in Conjurations
  2922 | D:4      | Found a shimmering blue altar of Sif Muna.
  3041 | D:4      | Noticed Dowan
  3081 | D:4      | Noticed Duvessa
  3097 | D:4      | Found Vuebet's Book Emporium.
  3246 | D:4      | Found a blossoming altar of Fedhas.
  3769 | D:4      | Noticed Blork the orc
  3823 | D:5      | Entered Level 5 of the Dungeon
  3888 | D:5      | Identified the +5 dagger of the Tired Portals {heavy, rF+
                  | rC+}
  3993 | D:5      | Found a hazy altar of Hepliaklqana.
  4000 | D:5      | Reached skill level 7 in Earth Magic
  4000 | D:5      | Reached XP level 7. HP: 36/36 MP: 8/12
  4002 | D:5      | Reached skill level 4 in Conjurations
  4082 | D:5      | Reached * piety under Vehumet
  4082 | D:5      | Offered knowledge of Magic Dart by Vehumet.
  4129 | D:5      | Reached skill level 4 in Spellcasting
  4194 | D:5      | Identified the +1 whip of the Kidney {heavy, rPois Will-
                  | Int-4 Dex+7}
  4445 | D:5      | Reached skill level 5 in Conjurations
  4445 | D:5      | Reached skill level 8 in Earth Magic
  4563 | D:5      | Reached XP level 8. HP: 41/41 MP: 12/14
  4588 | D:5      | Found a staircase to the Ecumenical Temple.
  5134 | D:5      | Found an opulent altar of Gozag.
  5286 | D:6      | Noticed Prince Ribbit
  5291 | D:6      | Killed Prince Ribbit
  5292 | D:6      | Reached skill level 6 in Conjurations
  5292 | D:6      | Reached skill level 9 in Earth Magic
  5597 | D:6      | Reached skill level 5 in Spellcasting
  5608 | D:6      | Reached ** piety under Vehumet
  5613 | D:6      | Offered knowledge of Scorch by Vehumet.
  5653 | D:6      | Reached XP level 9. HP: 16/45 MP: 1/16
  5655 | D:6      | HP: 7/45 [gnoll/+0 spear[a gnoll sergeant] (6)]
  5658 | D:6      | Reached skill level 7 in Conjurations
  5933 | D:6      | Noticed Maggie
  5939 | D:6      | Killed Maggie
  5940 | D:6      | Reached skill level 10 in Earth Magic
  6554 | D:4      | Killed Duvessa
  6555 | D:4      | Reached skill level 8 in Conjurations
  6555 | D:4      | Killed Dowan
  6619 | D:4      | Killed Blork the orc
  6775 | D:7      | Offered knowledge of Searing Ray by Vehumet.
  6914 | D:7      | Reached skill level 11 in Earth Magic
  7026 | D:7      | Found a basalt altar of Yredelemnul.
  7088 | D:7      | Reached skill level 6 in Spellcasting
  7123 | D:7      | Reached *** piety under Vehumet
  7473 | D:8      | Reached skill level 1 in Fighting
  7473 | D:8      | Reached skill level 9 in Conjurations
  7473 | D:8      | Reached XP level 10. HP: 52/52 MP: 19/19
  7594 | D:8      | Reached skill level 2 in Dodging
  7744 | D:8      | Found a white marble altar of Elyvilon.
  7744 | D:8      | Found a glowing golden altar of the Shining One.
  7744 | D:8      | Found a glowing silver altar of Zin.
  8043 | D:8      | Found a snail-covered altar of Cheibriados.
  8043 | D:8      | Found a hide-covered altar of Uskayaw.
  8234 | D:9      | Offered knowledge of Inner Flame by Vehumet.
  8240 | D:9      | Reached skill level 2 in Fighting
  8257 | D:9      | HP: 13/54 [wolf (7)]
  8258 | D:9      | HP: 6/54 [wolf (7)]
  8264 | D:9      | Reached skill level 12 in Earth Magic
  8267 | D:9      | Reached skill level 7 in Spellcasting
  8269 | D:9      | HP: 6/54 [troll (10)]
  8270 | D:9      | Reached **** piety under Vehumet
  8274 | D:9      | HP: 1/55 [yak (6)]
  8451 | D:9      | Reached skill level 10 in Conjurations
  8460 | D:9      | Reached skill level 3 in Fighting
  8466 | D:9      | Reached skill level 3 in Dodging
  8511 | D:9      | Offered knowledge of Irradiate by Vehumet.
  8648 | D:9      | Found a staircase to the Lair.
  8705 | D:9      | Reached XP level 11. HP: 60/60 MP: 22/22
  8949 | D:9      | Noticed a two-headed ogre
  8954 | D:9      | Killed a two-headed ogre
  9246 | D:10     | Entered Level 10 of the Dungeon
  9315 | D:10     | Found a runed translucent door.
  9315 | D:10     | Noticed AppleFox63's ghost (journeyman TeAE)
  9410 | D:10     | Noticed Grum
  9416 | D:10     | Killed Grum
  9650 | D:10     | Reached skill level 4 in Fighting
  9806 | D:10     | Found Edwunnoe's Weapon Shop.
  9806 | D:10     | Noticed Psyche
  9808 | D:10     | Killed Psyche
  9811 | D:10     | Reached skill level 8 in Spellcasting
  9888 | D:10     | Noticed Lodul
  9890 | D:10     | Reached skill level 13 in Earth Magic
  9894 | D:10     | Killed Lodul
  9899 | D:10     | Reached ***** piety under Vehumet
  9900 | D:10     | Reached skill level 11 in Conjurations
 10491 | D:10     | Killed AppleFox63's ghost
 10608 | Lair:1   | Entered Level 1 of the Lair of Beasts
 10626 | D:9      | Reached skill level 4 in Dodging
 11053 | Lair:1   | Noticed Harold
 11061 | Lair:1   | HP: 6/62 [Harold/+0 antimagic trident (16)]
 11062 | Lair:1   | Killed Harold
 11063 | Lair:1   | Reached skill level 5 in Fighting
 11063 | Lair:1   | Reached XP level 12. HP: 7/68 MP: 8/24
 11420 | Lair:1   | Offered knowledge of Fireball by Vehumet.
 11949 | Lair:1   | Learned a level 5 spell: Fireball
 11981 | Lair:1   | HP: 16/68 [rime drake/icy flash freeze (13)]
 11984 | Lair:1   | Killed from afar by a rime drake

Vanquished Creatures
  Harold (Lair:1)
  The ghost of AppleFox63 the Stormcaller, a journeyman TeAE of Vehumet (D:10)
  A two-headed ogre (D:9)
  Lodul (D:10)
  A cane toad (Lair:1)
  3 komodo dragons
  Maggie (D:6)
  Psyche (D:10)
  2 trolls
  2 polar bears
  Prince Ribbit (D:6)
  2 wraiths (D:9)
  2 shadows (D:9)
  17 yaks
  Grum (D:10)
  Duvessa (D:4)
  2 acid dragons (D:10)
  3 ice beasts (D:6)
  4 water moccasins
  A sky beast (D:7)
  A black bear (D:5)
  3 orc warriors
  8 ogres
  9 wolves
  3 centaurs
  5 kobold brigands
  3 bullfrogs
  A necrophage (D:5)
  2 gnoll sergeants
  Blork the orc (D:4)
  3 scorpions
  3 wights (D:8)
  A jelly (D:4)
  Dowan (D:4)
  15 killer bees
  2 vampire bats (Lair:1)
  3 electric eels (D:9)
  5 hounds
  7 orc priests
  5 iguanas
  10 orc wizards
  Natasha (twice) (D:2)
  15 gnolls
  8 adders
  A shadow imp (D:7)
  A white imp (D:7)
  2 worms
  3 dart slugs
  48 orcs
  17 bats
  11 endoplasms
  6 giant cockroaches
  4 goblins
  4 hobgoblins
  2 jackals (D:2)
  21 kobolds
  3 quokkas
  5 ball pythons
  6 frilled lizards
  4 rats
302 creatures vanquished.

Vanquished Creatures (others)
  2 withered plants (D:10)
2 creatures vanquished.

Grand Total: 304 creatures vanquished

Table legend:
 A = Non-vault XP
 B = Vault XP
 C = Vault XP percentage of total XP
 D = Non-vault monster count
 E = Vault monster count
 F = Vault count percentage of total count
                 A         B        C        D         E       F
            +---------+---------+-------+---------+---------+-------
      Total |   13011 |    7642 |  37.0 |     240 |      62 |  20.5
            +---------+---------+-------+---------+---------+-------
        D:1 |      30 |       0 |   0.0 |      18 |       0 |   0.0
        D:2 |     205 |      58 |  22.1 |      25 |       7 |  21.9
        D:3 |      49 |      41 |  45.6 |      14 |       3 |  17.6
        D:4 |     199 |     301 |  60.2 |      17 |       3 |  15.0
        D:5 |     751 |      87 |  10.4 |      18 |       1 |   5.3
        D:6 |    1138 |     749 |  39.7 |      41 |       7 |  14.6
        D:7 |     420 |     485 |  53.6 |      17 |       5 |  22.7
        D:8 |    1219 |       0 |   0.0 |      20 |       0 |   0.0
        D:9 |    4280 |    1390 |  24.5 |      34 |      10 |  22.7
       D:10 |    1773 |    3338 |  65.3 |      24 |      14 |  36.8
     Lair:1 |    2573 |    1193 |  31.7 |      10 |      12 |  54.5
     Lair:2 |     374 |       0 |   0.0 |       2 |       0 |   0.0
            +---------+---------+-------+---------+---------+-------

Illustrated notes

Table legend:
 A = Kills in this place as a percentage of kills in entire the game.
 B = Kills by you in this place as a percentage of kills by you in the entire game.
 C = Kills by friends in this place as a percentage of kills by friends in the entire game.
 D = Other kills in this place as a percentage of other kills in the entire game.
 E = Experience gained in this place as a percentage of experience gained in the entire game.
 F = Experience gained in this place divided by the number of levels of this place that you have seen.
                   A       B       C       D       E      F
               +-------+-------+-------+-------+-------+----------------------
         Total | 100.0 | 100.0 |   N/A |   N/A | 100.0 | 1721.1
       Dungeon |  92.1 |  92.1 |   N/A |   N/A |  80.0 | 1651.3
          Lair |   7.9 |   7.9 |   N/A |   N/A |  20.0 | 2070.0
               +-------+-------+-------+-------+-------+----------------------

Table legend: (Time is in decaauts)
 A = Elapsed time spent in this place.
 B = Non-inter-level travel time spent in this place.
 C = Inter-level travel time spent in this place.
 D = Time resting spent in this place.
 E = Time spent auto-exploring this place.
 F = Levels seen in this place.
 G = Mean time per level.
                   A        B        C        D        E       F      G
               +--------+--------+--------+--------+--------+-----+--------+
         Total |  12154 |  11717 |    437 |    685 |   9455 |  12 | 1012.8 |
       Dungeon |  10850 |  10432 |    418 |    654 |   8307 |  10 | 1085.0 |
          Lair |   1304 |   1285 |     19 |     31 |   1147 |   2 |  652.0 |
               +--------+--------+--------+--------+--------+-----+--------+

Top non-repeatable levels by time:
     D:5: 1473 daAuts
    D:10: 1334 daAuts
     D:6: 1315 daAuts
  Lair:1: 1296 daAuts
     D:4: 1241 daAuts
     D:9: 1187 daAuts
     D:2: 1186 daAuts
     D:3: 943 daAuts
     D:8: 791 daAuts
     D:1: 741 daAuts
     D:7: 635 daAuts
  Lair:2: 7 daAuts
